 Dungeon Crawl Stone Soup version 0.28-a0-804-g60983d4ba9 (webtiles) character file.

Game seed: 12443156887034659715

48 kae the Caller (level 3, -2/30 HPs)
             Began as a Tengu Summoner on Nov 7, 2021.
             Slain by a scorpion (7 damage)
             ... on level 2 of the Dungeon.
             The game lasted 00:01:24 (2150 turns).

kae the Caller (Tengu Summoner)                     Turns: 2150, Time: 00:01:25

Health: -2/30      AC: 21    Str:  8    XL:     3   Next: 72%
Magic:  5/7        EV:  2    Int: 16    God:
Gold:   59         SH:  0    Dex: 14    Spells: 0/6 levels left

rFire   . . .      SeeInvis .   g - +0 short sword
rCold   . . .      Faith    .   (no shield)
rNeg    . . .      Spirit   .   (armour currently unavailable)
rPois   +          Reflect  .   (helmet currently unavailable)
rElec   .          Harm     .   (cloak currently unavailable)
rCorr   .          Rampage  .   (gloves currently unavailable)
Will    .....      NoTele   +   (boots unavailable)
Stlth   ++........              (no amulet)
HPRegen 0.10/turn               (no ring)
MPRegen 0.10/turn               (no ring)

@: brilliant, tree-form, attractive
A: stationary, stasis, torment immunity, boosted hp, (beak), (talons 3)
a: no special abilities


You were on level 2 of the Dungeon.
You were a tree.
You visited 1 branch of the dungeon, and saw 2 of its levels.

You collected 59 gold pieces.

Inventory:

Hand Weapons
 g - a +0 short sword (weapon)
Armour
 a - a +0 robe
 f - a +1 ring mail (melded)
Scrolls
 d - a scroll of fog {unknown}
 i - a scroll of immolation {unknown}
Potions
 b - a potion of lignification
 e - a potion of curing


   Skills:
 + Level 1.0 Fighting
 + Level 1.2 Armour
 + Level 2.6 Dodging
 - Level 2.0 Stealth
 + Level 2.3 Spellcasting
 * Level 5.4 Summonings


You couldn't memorise any spells.
You knew the following spells:

 Your Spells              Type           Power      Damage    Failure   Level
a - Summon Small Mammal   Summ           100%       N/A       2%          1
b - Call Imp              Summ           28%        N/A       3%          2
c - Call Canine Familiar  Summ           28%        N/A       6%          3

Your spell library contained the following spells:

 Spells                   Type           Power      Damage    Failure   Level
 Summon Guardian Golem    Hex/Summ       15%        N/A       21%         3
 Summon Lightning Spire   Summ/Air       15%        N/A       54%         4


Dungeon Overview and Level Annotations

Branches:
Dungeon (2/15)

Altars:
Qazlal


Innate Abilities, Weirdness & Mutations

You are a tree.
Your roots penetrate the ground, keeping you stationary.
You cannot be teleported.
You are immune to unholy pain and torment.
Your maximum health is greatly increased.
Your equipment is partially melded.
((You have a beak for a mouth.))
((You have claws for feet.))


Message History

It was a potion of lignification.
You turn into a tree.
Your +1 ring mail melds into your body.
Your roots penetrate the ground.
You feel sick.
Your bat hits the scorpion but does no damage. x2
The scorpion stings you but does no damage.
Casting: Summon Small Mammal (safe; 2% risk of failure)
Confirm with . or Enter, or press ? or * to list all spells.
A shadowy apparition takes form in the air.
You feel sick.
Your bat hits the endoplasm.
The scorpion stings you but does no damage.
The scorpion stings you.
* * * LOW HITPOINT WARNING * * *
* * * LOW HITPOINT WARNING * * *
You feel sick.
Your bat barely misses the scorpion.
The scorpion stings you but does no damage.
It was a potion of attraction.
You feel attractive to monsters.
* * * LOW HITPOINT WARNING * * *
You feel sick.
Your bat hits the scorpion but does no damage.
Your bat hits the endoplasm.
The scorpion stings you but does no damage.
It was a potion of curing.
You feel better.
Your bat barely misses the scorpion.
The scorpion stings you but does no damage.
The endoplasm completely misses your bat.
You closely miss the scorpion.
The scorpion is moderately wounded.
Your bat hits the scorpion but does no damage.
The scorpion stings you.
* * * LOW HITPOINT WARNING * * *
The endoplasm misses your bat.
The scorpion stings you but does no damage.
It was a potion of brilliance.
You feel clever all of a sudden.
Your bat hits the scorpion.
Your bat completely misses the scorpion.
Your bat closely misses the scorpion.
The endoplasm barely misses your bat. The scorpion stings you!
You die...

.....#.#.....
..#.#?#.#.. ..
...###... .<.
.......# ...
..#...# #.##
.....#
#...##b...#
#.5#sJ# #.♣###
##..## ##..#
###.# ..
###...# ....
#.....# #.....
#####.# #.....
#.#####
##.....
########....##
.......


You could see a scorpion (ally target), an endoplasm, a friendly shadow imp
(summoned) and a friendly bat (summoned).

Vanquished Creatures
  An ufetubus (D:2)
  An adder skeleton (D:2)
  A dart slug (D:1)
  An orc (D:2)
  3 bats
  4 endoplasms
  A giant cockroach (D:1)
  5 hobgoblins
  2 kobolds
  2 ball pythons
  3 frilled lizards
  2 goblins
  A rat (D:1)
27 creatures vanquished.

Vanquished Creatures (collateral kills)
  A goblin (D:2)
  A hobgoblin (D:1)
  A quokka (D:1)
  A ball python (D:1)
  3 bats
  A kobold (D:2)
8 creatures vanquished.

Grand Total: 35 creatures vanquished

Notes
Turn   | Place    | Note
-------+----------+-------------------------------------------
     0 | D:1      | kae the Tengu Summoner began the quest for the Orb.
     0 | D:1      | Reached XP level 1. HP: 10/10 MP: 4/4
   218 | D:1      | Reached skill level 5 in Summonings
   301 | D:1      | Reached XP level 2. HP: 12/16 MP: 6/6
   378 | D:1      | Found a faded altar of an unknown god.
  1109 | D:1      | Reached XP level 3. HP: 11/20 MP: 5/7
  1529 | D:2      | Learned a level 2 spell: Call Imp
  1533 | D:2      | Learned a level 3 spell: Call Canine Familiar
  1602 | D:2      | Reached skill level 1 in Armour
  1895 | D:2      | Found a stormy altar of Qazlal.
  1901 | D:2      | Reached skill level 1 in Fighting
  2138 | D:2      | Noticed a scorpion
  2150 | D:2      | Slain by a scorpion

Illustrated notes

Levels and vault maps discovered:
D:1:      dpeg_arrival_tiny_b, layout_loops_ring,
          dreamdust_ecumenical_altar_grove, minmay_misc_feat_columns
D:2:      minmay_wonky_spiral, layout_rooms, basic_altar,
          minmay_fractal_squares_5

Skill      XL: |  1  2  3 |
---------------+----------+-----
Summonings     | 5 |  5.4
Armour         | 1 |  1.2
Fighting       | 1 |  1.0
Dodging        | |  2.6
Stealth        | |  2.0
Spellcasting   | |  2.3

Action                   || total
-------------------------++-------
Melee: Unarmed           ||   101
       Kick              ||    29
       Peck              ||    13
       Short sword       ||    19
 Cast: Summon Small Mamm ||    20
       Call Imp          ||     5
  Use: Potion            ||     4
       Scroll            ||     2
 Stab: Sleeping          ||     2
       Distracted        ||     1
Armor: Ring mail         ||    42
       Robe              ||     3
       Skin              ||     6
Dodge: Dodged            ||   103

Table legend: (Time is in decaauts)
 A = Elapsed time spent in this place.
 B = Non-inter-level travel time spent in this place.
 C = Inter-level travel time spent in this place.
 D = Time resting spent in this place.
 E = Time spent auto-exploring this place.
 F = Levels seen in this place.
 G = Mean time per level.
                   A        B        C        D        E       F      G
               +--------+--------+--------+--------+--------+-----+--------+
         Total |   2153 |   2095 |     58 |     61 |   1674 |   2 | 1076.5 |
       Dungeon |   2153 |   2095 |     58 |     61 |   1674 |   2 | 1076.5 |
               +--------+--------+--------+--------+--------+-----+--------+

Top non-repeatable levels by time:
     D:1: 1704 daAuts
     D:2: 449 daAuts
